AoeStats
← Shaelynn

Nomad

505282773Analyzed
3v3 RM · 23d ago on Sep 8, 2026· 45m 31s· 6 players
Game mode
Random Map
Map size
210×210
Population
200
Speed
Normal
Resources
Standard
Victory
Conquest
Starting age
Dark Age
Ending age
Imperial Age
RankedLock teamsTeams togetherTeam positionsShared explorationLock speedFull tech treeHidden civsTurbo modeCheats
Victory
Defeat
🇩🇪 Vietnamese · Germany
1074
+18
🇪🇸 Magyars · Spain
1022
+20
🇷🇴 Hindustanis · Romania
1017
+20
🇩🇪 Japanese · Germany
1294
-26
🇩🇪 Spanish · Germany
1176
-22
🇩🇪 Berbers · Germany
877
-10
Shaelynn
9:42 Loom
14:51 Feudal Age
15:58 Double-Bit Axe
15:56 Horse Collar
19:48 Wheelbarrow
23:21 Castle Age
24:31 Fletching
24:41 Padded Archer Armor
24:45 Scale Mail Armor
25:09 Bow Saw
25:03 Heavy Plow
25:15 Gold Mining
26:58 Bodkin Arrow
26:59 Elite Skirmisher
28:03 Stone Mining
28:43 Squires
30:10 Leather Archer Armor
31:40 Chain Mail Armor
40:31 Imperial Age
39:33 Thumb Ring
41:21 Imperial Skirmisher
43:34 Hoardings
44:05 Chemistry
45:41 Ring Archer Armor
45:51 Bracer
GALARCON
5:14 Loom
13:32 Feudal Age
14:04 Double-Bit Axe
18:36 Fishing Lines
24:34 Castle Age
24:05 Stone Mining
25:15 Gold Mining
25:40 Bloodlines
25:38 Scale Barding Armor
33:44 Husbandry
37:18 Wheelbarrow
38:00 Corvinian Army
38:23 Chain Barding Armor
40:34 Bow Saw
43:12 Imperial Age
41:23 Horse Collar
43:17 Elite Magyar Huszar
44:55 Plate Barding Armor
45:22 Conscription
46:09 Hand Cart
46:23 Parthian Tactics
46:04 Thumb Ring
Citizzen
3:40 Loom
15:16 Feudal Age
20:58 Castle Age
19:23 Double-Bit Axe
19:26 Horse Collar
19:32 Fishing Lines
22:16 Wheelbarrow
22:17 Gillnets
25:47 Hand Cart
25:18 Town Watch
25:56 Heavy Plow
26:09 Bow Saw
35:58 Imperial Age
33:39 Scale Barding Armor
33:45 Forging
33:38 Husbandry
33:49 Bloodlines
33:44 Gold Mining
33:44 Stone Mining
35:23 Gold Shaft Mining
35:17 Ballistics
36:13 Fortified Wall
36:26 Chain Barding Armor
36:42 Iron Casting
38:18 Conscription
38:01 Grand Trunk Road
38:07 Heavy Camel Rider
42:46 Chemistry
41:58 Masonry
41:55 Siege Engineers
42:23 Siege Elephant
44:02 Imperial Camel Rider
45:48 Blast Furnace
davidsintana96
4:31 Loom
13:56 Feudal Age
14:34 Fishing Lines
14:44 Fishing Lines
17:16 Double-Bit Axe
19:30 Gold Mining
25:02 Castle Age
22:54 Stone Mining
25:36 Gillnets
26:41 Medium Warships
28:46 Wheelbarrow
29:30 Horse Collar
32:36 Stone Shaft Mining
31:35 Pikeman
37:19 Imperial Age
35:05 Hand Cart
35:53 Fletching
37:07 Bloodlines
36:58 Husbandry
36:18 Light Cavalry
38:30 Heavy Plow
42:02 Scale Barding Armor
43:24 Elite Conquistador
Hofgassler
4:59 Loom
12:17 Feudal Age
14:44 Double-Bit Axe
20:23 Fletching
22:40 Castle Age
21:58 Horse Collar
23:33 Medium Warships
23:35 Bow Saw
23:30 Bodkin Arrow
25:57 Fishing Lines
27:23 Gillnets
29:05 Gold Mining
45:20 Wheelbarrow
44:47 Heavy Plow
47:29 Imperial Age
Glenno93
13:29 Loom
16:48 Feudal Age
17:53 Double-Bit Axe
17:51 Horse Collar
19:11 Wheelbarrow
19:29 Fishing Lines
20:44 Stone Mining
22:57 Bloodlines
26:40 Castle Age
28:54 Bow Saw
30:00 Heavy Plow
31:26 Crossbowman
34:05 Gold Mining
34:31 Padded Archer Armor
34:22 Fletching
37:45 Thumb Ring
42:27 Imperial Age
40:21 Bodkin Arrow
43:22 Elite Genitour
Connection lost

Rejoining the realm…

Still unreachable

The connection could not be restored.

Session expired

The server has moved on; the page needs a fresh start.